 Dungeon Crawl Stone Soup version 0.29.0-4-gdea44cf6ec (webtiles) character file.

Game seed: 6985797732969476403

301 qw the Chopper (level 6, -2/47 HPs)
             Began as a Demonspawn Cinder Acolyte on Sept 9, 2022.
             Was a Priest of Ignis.
             Slain by Duvessa
             ... wielding a +0 short sword
              (11 damage)
             ... on level 4 of the Dungeon.
             The game lasted 00:01:14 (3599 turns).

qw the Chopper (Demonspawn Cinder Acolyte)          Turns: 3599, Time: 00:01:15

Health: -2/47      AC: 17    Str: 17    XL:     6   Next: 14%
Magic:  7/7        EV:  7    Int: 18    God:    Ignis [***...]
Gold:   132        SH:  0    Dex: 10    Spells: 7/7 levels left

rFire   + . .      SeeInvis .   Y - +0 war axe
rCold   . . .      Faith    .   (no shield)
rNeg    . . .      Spirit   .   f - +0 chain mail
rPois   .          Reflect  .   l - +0 helmet {Int+3}
rElec   .          Harm     .   (no cloak)
rCorr   +          Rampage  .   (no gloves)
Will    .....                   (no boots)
Stlth   ..........              (no amulet)
HPRegen 0.15/turn               g - ring of resist corrosion
MPRegen 0.10/turn               (no ring)

@: mighty, brilliant, about to teleport, weak-willed, fiery-armoured
A: thin skeletal structure 1, demonic guardian 1, powered by pain 2
a: Renounce Religion, Fiery Armour, Foxfire Swarm, Rising Flame


You were on level 4 of the Dungeon.
You worshipped Ignis.
Ignis was most pleased with you.
You visited 1 branch of the dungeon, and saw 4 of its levels.

You collected 132 gold pieces.


Innate Abilities, Weirdness & Mutations

You have a somewhat thin skeletal structure. (Dex +2, Stealth+)
A weak demonic guardian rushes to your aid.
You sometimes gain power by taking damage.


   Skills:
 - Level 3.0 Fighting
 + Level 5.5 Axes
 - Level 2.4 Armour
 - Level 1.0 Dodging
 - Level 1.0 Spellcasting
 - Level 2.6 Fire Magic


You had 7 spell levels left.
You didn't know any spells.
Your spell library contained the following spells:

 Spells                   Type           Power      Damage    Failure   Level
 Scorch                   Fire           30%        2d6       83%         2

Inventory:

Hand Weapons
 b - a -1 hand axe of flaming
 Y - a +0 war axe (weapon)
Armour
 f - a +0 chain mail (worn)
 l - a +0 helmet of intelligence (worn)
Jewellery
 g - a ring of resist corrosion (left hand)
Scrolls
 a - a scroll of teleportation
Potions
 c - a potion of might {unknown}
 d - a potion of attraction {unknown}
 e - a potion of degeneration {unknown}
 h - 2 potions of curing
 i - a potion of resistance {unknown}
 m - a potion of heal wounds {unknown}
 n - a potion of mutation {unknown}

Dungeon Overview and Level Annotations

Branches:
Dungeon (4/15)
 Temple: D:4-7

Altars:
Trog
Wu Jian

Annotations:
D:3 3 runed translucent doors, qw's ghost, amateur DsCA
D:4 Duvessa


Message History

The hobgoblin hits you but does no damage.
The hobgoblin is burned by your cloak of flames.
You kill the hobgoblin!
The iguana bites you.
The iguana is burned by your cloak of flames.
The iguana is severely wounded.
Dowan casts a spell at you. The puff of frost hits you!
You focus on the pain.
You feel very mighty all of a sudden.
You slash the iguana!
You kill the iguana!
You closely miss Dowan. You slash Duvessa!
Duvessa hits you with a +0 short sword.
Duvessa is burned by your cloak of flames.
Duvessa is severely wounded.
Duvessa hits you with a +0 short sword.
Duvessa is burned by your cloak of flames.
Duvessa is severely wounded.
Dowan hits you with a +0 dagger.
Dowan is burned by your cloak of flames.
Dowan is almost dead.
3598 ||| READING 2 scrolls of teleportation.
As you read the scroll of teleportation, it crumbles to dust.
You feel strangely unstable.
Duvessa says, "Where magic fails, the sword succeeds!"
Duvessa hits you but does no damage.
Duvessa is burned by your cloak of flames.
Duvessa is almost dead.
Dowan hits you but does no damage.
Dowan is burned by your cloak of flames.
You kill Dowan!
Duvessa weeps, and shakes her weapon.
Duvessa goes berserk!
Your Armour skill increases to level 2!
You have reached level 6!
You hit Duvessa.
Duvessa is almost dead.
You slash the dart slug!
You kill the dart slug!
Duvessa hits you with a +0 short sword!
You die...

#....... #......
##..... .....##
# #.....##.## .
##.........#
....#....).....#
#......<@e.....#
...............#
...............#
............##..
........#..## #
........##..
#.......# ..#
........# ...


You could see Duvessa (berserk, fast).

Vanquished Creatures
  A necrophage (D:3)
  Dowan (D:4)
  An iguana (D:4)
  Robin (D:3)
  A gnoll (D:1)
  7 adders
  2 worms (D:2)
  2 dart slugs
  3 ball pythons
  6 bats
  2 endoplasms (D:1)
  2 giant cockroaches
  15 goblins
  8 hobgoblins
  3 jackals
  6 kobolds
  2 quokkas
  3 frilled lizards
  7 rats
73 creatures vanquished.

Notes
Turn   | Place    | Note
-------+----------+-------------------------------------------
     0 | D:1      | qw the Demonspawn Cinder Acolyte began the quest for the
                  | Orb.
     0 | D:1      | Reached XP level 1. HP: 18/18 MP: 2/2
     0 | D:1      | 0 ||| qw: Version: 0.1-a-113-g051387a
     0 | D:1      | 0 ||| qw: Game counter: 6953
     0 | D:1      | 0 ||| qw: Always use a shield: true
     0 | D:1      | 0 ||| qw: God list: Okawaru
     0 | D:1      | 0 ||| qw: Allow faded altars: false
     0 | D:1      | 0 ||| qw: Do Orc after D:15 true
     0 | D:1      | 0 ||| qw: Do second Lair branch before Depths: true
     0 | D:1      | 0 ||| qw: Lair rune preference: random
     0 | D:1      | 0 ||| qw: Plans: Normal
     0 | D:1      | 0 ||| PLANNING D:1-11
    52 | D:1      | Reached skill level 3 in Axes
   199 | D:1      | 199 ||| INVOKING Fiery Armour.
   201 | D:1      | Gained mutation: You sometimes gain a little power by
                  | taking damage. [demonic ancestry]
   201 | D:1      | Reached XP level 2. HP: 8/24 MP: 3/3
   592 | D:1      | 592 ||| INVOKING Fiery Armour.
   802 | D:1      | 802 ||| Stepping ~*~*~tactically~*~*~ (stealth).
   803 | D:1      | 803 ||| Stepping ~*~*~tactically~*~*~ (stealth).
   811 | D:1      | Gained mutation: You sometimes gain power by taking damage.
                  | [demonic ancestry]
   811 | D:1      | Reached XP level 3. HP: 28/29 MP: 4/4
   814 | D:1      | 814 ||| Stepping ~*~*~tactically~*~*~ (hiding).
   830 | D:1      | 830 ||| Stepping ~*~*~tactically~*~*~ (stealth).
   831 | D:1      | 831 ||| Stepping ~*~*~tactically~*~*~ (stealth).
  1010 | D:1      | Reached skill level 4 in Axes
  1232 | D:1      | 1232 ||| UPGRADING to +0 chain mail.
  1242 | D:1      | 1242 ||| DROPPING +0 robe.
  1243 | D:1      | 1243 ||| READING scroll labelled UKUPLUREMNU.
  1247 | D:1      | 1247 ||| READING scroll labelled BIPTEPNUSHRU.
  1274 | D:2      | 1274 ||| STAIRDANCE
  1536 | D:2      | Reached skill level 1 in Armour
  1815 | D:2      | Found a bloodstained altar of Trog.
  1895 | D:2      | Gained mutation: You have a somewhat thin skeletal
                  | structure. (Dex +2, Stealth+) [demonic ancestry]
  1895 | D:2      | Reached XP level 4. HP: 32/35 MP: 5/5
  2019 | D:2      | 2019 ||| INVOKING Fiery Armour.
  2354 | D:2      | 2354 ||| Stepping ~*~*~tactically~*~*~ (stealth).
  2372 | D:2      | 2372 ||| Stepping ~*~*~tactically~*~*~ (stealth).
  2374 | D:2      | 2374 ||| Stepping ~*~*~tactically~*~*~ (stealth).
  2400 | D:2      | 2400 ||| SWAPPING to +0 war axe.
  2555 | D:2      | 2555 ||| DROPPING orb of wrath.
  2556 | D:2      | 2556 ||| READING scroll labelled BOJAQU OGY.
  2557 | D:2      | 2557 ||| READING scroll labelled WOUCSOI JOQOEN.
  2558 | D:2      | 2558 ||| READING scroll labelled ZUAZIA XOERI.
  2559 | D:2      | 2559 ||| READING scroll labelled DILEGOT TIDUGI.
  2660 | D:2      | 2660 ||| DRINKING 3 ruby potions.
  2785 | D:3      | Noticed a necrophage
  2798 | D:3      | Killed a necrophage
  2799 | D:3      | Reached skill level 5 in Axes
  2799 | D:3      | Gained mutation: A weak demonic guardian rushes to your
                  | aid. [demonic ancestry]
  2799 | D:3      | Reached XP level 5. HP: 32/41 MP: 6/6
  2977 | D:3      | 2977 ||| Stepping ~*~*~tactically~*~*~ (stealth).
  2979 | D:3      | 2979 ||| Stepping ~*~*~tactically~*~*~ (stealth).
  3019 | D:3      | Reached skill level 1 in Dodging
  3030 | D:3      | Found a runed translucent gate.
  3030 | D:3      | Found a runed translucent gate.
  3030 | D:3      | Found a runed translucent gate.
  3045 | D:3      | 3045 ||| FLEEEEING.
  3046 | D:3      | 3046 ||| FLEEEEING.
  3047 | D:3      | 3047 ||| FLEEEEING.
  3048 | D:3      | 3048 ||| FLEEEEING.
  3052 | D:3      | 3052 ||| FLEEEEING.
  3056 | D:3      | 3056 ||| FLEEEEING.
  3057 | D:3      | 3057 ||| FLEEEEING.
  3058 | D:3      | 3058 ||| FLEEEEING.
  3226 | D:3      | Found an ornate altar of the Wu Jian Council.
  3233 | D:3      | 3233 ||| Stepping ~*~*~tactically~*~*~ (stealth).
  3237 | D:3      | Noticed Robin
  3239 | D:3      | 3239 ||| INVOKING Fiery Armour.
  3241 | D:3      | 3241 ||| Stepping ~*~*~tactically~*~*~ (hiding).
  3242 | D:3      | 3242 ||| Stepping ~*~*~tactically~*~*~ (hiding).
  3245 | D:3      | 3245 ||| Stepping ~*~*~tactically~*~*~ (hiding).
  3246 | D:3      | 3246 ||| FLEEEEING.
  3248 | D:3      | 3248 ||| FLEEEEING.
  3249 | D:3      | 3249 ||| FLEEEEING.
  3261 | D:3      | Killed Robin
  3353 | D:3      | Noticed qw's ghost (amateur DsCA)
  3561 | D:3      | 3561 ||| UPGRADING to +0 helmet of intelligence.
  3566 | D:3      | 3566 ||| UPGRADING to ring of resist corrosion.
  3567 | D:3      | 3567 ||| READING 2 scrolls labelled QUALYI LOANUDD.
  3568 | D:3      | 3568 ||| DRINKING 2 inky potions.
  3569 | D:3      | 3569 ||| DROPPING potion of brilliance.
  3570 | D:3      | 3570 ||| DROPPING scroll of vulnerability.
  3589 | D:4      | Noticed Duvessa
  3589 | D:4      | Noticed Dowan
  3590 | D:4      | 3590 ||| INVOKING Fiery Armour.
  3597 | D:4      | HP: 9/41 [Duvessa/+0 short sword (3)]
  3598 | D:4      | 3598 ||| READING 2 scrolls of teleportation.
  3598 | D:4      | Killed Dowan
  3599 | D:4      | Reached XP level 6. HP: 9/47 MP: 7/7
  3599 | D:4      | Slain by Duvessa

Levels and vault maps discovered:
D:1:      matt_arrival_refuge, layout_rooms, nrook_mini_backslash
D:2:      minmay_inner_zag, layout_loops_ring, basic_altar
D:3:      layout_basic, nicolae_wu_jian_wuxing_cycle, ebering_ghost_rock_garden,
          corexii_item_surrounded_by_moat, uniq_robin
D:4:      layout_cave_pools, st_stairs_5, uniq_duvessa

Skill      XL: |  1  2  3  4  5 |
---------------+----------------+-----
Axes           | 3 4 5 |  5.5
Armour         | 1 2 |  2.4
Dodging        | 1 |  1.0
Fighting       | |  3.0
Spellcasting   | |  1.0
Fire Magic     | |  2.6

Action                   |  1- 3 |  4- 6 || total
-------------------------+-------+-------++-------
Melee: Hand axe          |    96 |    59 ||   155
       War axe           |       |    75 ||    75
Invok: Fiery Armour      |     2 |     3 ||     5
  Use: Scroll            |     2 |     6 ||     8
       Potion            |       |     2 ||     2
Armor: Robe              |    16 |       ||    16
       Chain mail        |    17 |    96 ||   113
Dodge: Dodged            |    38 |    48 ||    86

Table legend:
 A = Non-vault XP
 B = Vault XP
 C = Vault XP percentage of total XP
 D = Non-vault monster count
 E = Vault monster count
 F = Vault count percentage of total count
                 A         B        C        D         E       F
            +---------+---------+-------+---------+---------+-------
      Total |     313 |     122 |  28.0 |      53 |      20 |  27.4
            +---------+---------+-------+---------+---------+-------
        D:1 |      56 |       0 |   0.0 |      24 |       0 |   0.0
        D:2 |      68 |      17 |  20.0 |      14 |       7 |  33.3
        D:3 |     144 |      36 |  20.0 |      12 |      12 |  50.0
        D:4 |      45 |      69 |  60.5 |       3 |       1 |  25.0
            +---------+---------+-------+---------+---------+-------
